 Dungeon Crawl Stone Soup version 0.28.0 (webtiles) character file.

Game seed: 1630491804091538184

2131 HuGe the Cleaver (level 9, -4/79 HPs)
             Began as a Minotaur Berserker on Feb 14, 2022.
             Was an Elder of Trog.
             Killed from afar by Maggie (12 damage)
             ... with a bolt of fire
             ... on level 6 of the Dungeon.
             The game lasted 00:13:51 (6205 turns).

HuGe the Cleaver (Minotaur Berserker)               Turns: 6205, Time: 00:13:52

Health: -4/79      AC: 10    Str: 22    XL:     9   Next: 9%
Magic:  8/8        EV: 17    Int:  4    God:    Trog [****..]
Gold:   314        SH:  0    Dex: 14    Spells: 8/8 levels left

rFire   . . .      SeeInvis .   p - +4 flail
rCold   . . .      Faith    .   (no shield)
rNeg    . . .      Spirit   .   l - +0 chain mail
rPois   .          Reflect  .   (helmet restricted)
rElec   .          Harm     .   (no cloak)
rCorr   .          Rampage  .   (no gloves)
Will    .....                   (no boots)
Stlth   ..........              (no amulet)
HPRegen 0.23/turn               h - +4 ring of evasion
MPRegen 0.11/turn               r - +4 ring of evasion

@: on berserk cooldown, slowed, very slow
A: horns 2, retaliatory headbutt
a: Renounce Religion, Berserk, Trog's Hand, Brothers in Arms


You were on level 6 of the Dungeon.
You worshipped Trog.
Trog was greatly pleased with you.
You visited 1 branch of the dungeon, and saw 6 of its levels.

You collected 314 gold pieces.

Inventory:

Hand Weapons
 a - a +0 hand axe
 k - a +0 hunting sling
 p - a +4 flail (weapon)
Missiles
 b - 82 arrows
 d - 89 bolts
 i - 29 sling bullets
 t - 6 poisoned darts (quivered)
Armour
 l - a +0 chain mail (worn)
 m - a +2 leather armour of poison resistance
Jewellery
 e - a ring of flight
 h - a +4 ring of evasion (left hand)
 r - a +4 ring of evasion (right hand)
 x - a ring of fire
Wands
 n - a wand of flame (6)
 q - a wand of acid (5)
Scrolls
 s - a scroll of noise
 u - 2 scrolls of identify
 v - a scroll of summoning
 w - a scroll of vulnerability {unknown}
Potions
 c - 2 potions of haste
 f - a potion of heal wounds {unknown}
 g - a potion of ambrosia {unknown}
 j - a potion of curing {unknown}
 o - a potion of lignification {unknown}


   Skills:
 + Level 7.0 Fighting
 + Level 9.4(9.8) Axes
 + Level 3.7(7.1) Maces & Flails
 + Level 7.7 Armour
 + Level 4.1 Dodging
 + Level 1.8 Stealth


You had 8 spell levels left.
You didn't know any spells.
Your spell library was empty.

Dungeon Overview and Level Annotations

Branches:
Dungeon (6/15)
 Temple: D:4-7

Altars:
Cheibriados
Kikubaaqudgha
Okawaru
Trog
Yredelemnul
The Shining One

Annotations:
D:6 Maggie


Innate Abilities, Weirdness & Mutations

You have a pair of horns on your head.
You reflexively headbutt those who attack you in melee.


Message History

You feel a strong urge to attack something.
The black bear growls angrily.
Maggie the Vainglorious comes into view.
She is wielding a +0 broad axe of flaming and carrying a wand of digging (3).
You are no longer berserk.
You are exhausted.
You feel yourself slow down.
You see here a +0 dagger.
You see here a +0 giant spiked club.
A black bear is nearby!
You hear a zap.
Some rock shatters into small pieces.
Maggie zaps a wand.
Some rock shatters into small pieces.
The black bear bites you but does no damage.
The black bear claws you but does no damage.
The black bear closely misses you.
You barely miss the black bear. You headbutt the black bear.
The black bear is lightly wounded.
The black bear bites you. The black bear claws you.
The black bear misses you. x2
You furiously retaliate!
You headbutt the black bear! The black bear closely misses you.
The black bear claws you but does no damage.
The black bear bites you.
The black bear claws you but does no damage. x2
The black bear closely misses you.
The black bear claws you but does no damage.
The black bear closely misses you.
You sock the black bear! You headbutt the black bear.
You kill the black bear!
Trog accepts your kill. Maggie casts a spell at you.
The bolt of fire misses you.
Maggie says, "Fear not.
I will immortalize you in the tale of my first kill."
Maggie casts a spell.
Maggie attempts to bespell you!
You easily resist.
Maggie points at you and mumbles some strange words.
The bolt of fire hits you!!
* * * LOW HITPOINT WARNING * * *
Maggie points at you and mumbles some strange words.
The bolt of fire hits you!
You die...

#.#.....##..o#
#.#..#).#. ?.#
#.#...)..# .
#.<..#...#
#....#...#
#....#..#
#...##..#
#....#@.#
#.(..#@#...#
#....#.#...#
#....#.#...#
#.. .## ...##.
##.# .. .. ..
#.#


You could see Maggie.

Vanquished Creatures
  A wyvern (D:5)
  Duvessa (D:4)
  2 ice beasts (D:5)
  A black bear (D:6)
  4 necrophages
  3 ogres
  A bullfrog (D:4)
  Blork the orc (D:4)
  2 scorpions
  Dowan (D:4)
  3 vampire bats (D:5)
  A howler monkey (D:5)
  A bullfrog zombie (D:6)
  A centaur zombie (D:5)
  2 hounds
  A bullfrog skeleton (D:5)
  Ijyb (D:3)
  Jessica (D:3)
  Terence (D:3)
  4 iguanas
  A hound skeleton (D:4)
  Robin (D:3)
  2 gnolls
  7 adders
  A white imp (D:5)
  An ufetubus (D:5)
  An adder skeleton (D:3)
  3 worms
  4 dart slugs
  4 orcs
  10 ball pythons
  3 bats
  2 bat skeletons (D:5)
  2 bat zombies (D:5)
  3 endoplasms
  3 giant cockroaches
  16 goblins
  11 hobgoblins
  A quokka (D:1)
  6 frilled lizards
  5 kobolds
  3 rats
123 creatures vanquished.

Notes
Turn   | Place    | Note
-------+----------+-------------------------------------------
     0 | D:1      | HuGe the Minotaur Berserker began the quest for the Orb.
     0 | D:1      | Reached XP level 1. HP: 19/19 MP: 0/0
   246 | D:1      | Reached skill level 4 in Axes
   246 | D:1      | Reached XP level 2. HP: 13/27 MP: 1/1
   774 | D:1      | Reached XP level 3. HP: 30/33 MP: 2/2
  1140 | D:1      | Reached ** piety under Trog
  1479 | D:2      | Reached XP level 4. HP: 41/41 MP: 3/3
  1967 | D:2      | Reached skill level 5 in Axes
  2091 | D:3      | Found a snail-covered altar of Cheibriados.
  2093 | D:3      | Noticed Robin
  2112 | D:3      | Killed Robin
  2168 | D:3      | Noticed Jessica
  2178 | D:3      | Noticed a scorpion
  2181 | D:3      | Killed a scorpion
  2182 | D:3      | Reached XP level 5. HP: 43/47 MP: 4/4
  2188 | D:3      | Killed Jessica
  2189 | D:3      | Reached skill level 5 in Fighting
  2476 | D:3      | Noticed Terence
  2483 | D:3      | Killed Terence
  2570 | D:3      | Noticed Ijyb
  2579 | D:3      | HP: 2/72 [Ijyb/bolt of acid (31)]
  2581 | D:3      | Killed Ijyb
  2582 | D:3      | Reached XP level 6. HP: 3/56 MP: 5/5
  2596 | D:3      | Reached skill level 6 in Axes
  3114 | D:3      | Reached *** piety under Trog
  3519 | D:4      | Noticed Dowan
  3521 | D:4      | Noticed Duvessa
  3533 | D:4      | Killed Duvessa
  3546 | D:4      | Killed Dowan
  3547 | D:4      | Reached skill level 1 in Stealth
  4077 | D:4      | Reached skill level 7 in Axes
  4077 | D:4      | Reached XP level 7. HP: 61/61 MP: 6/6
  4309 | D:4      | Noticed Blork the orc
  4316 | D:4      | Killed Blork the orc
  4369 | D:4      | Reached skill level 8 in Axes
  4566 | D:4      | Found a bloodstained altar of Trog.
  4567 | D:4      | Found an iron altar of Okawaru.
  4661 | D:4      | Found a glowing golden altar of the Shining One.
  5039 | D:5      | Entered Level 5 of the Dungeon
  5047 | D:5      | Found a basalt altar of Yredelemnul.
  5056 | D:5      | Reached skill level 5 in Armour
  5245 | D:5      | Reached XP level 8. HP: 70/70 MP: 7/7
  5551 | D:5      | Found an ancient bone altar of Kikubaaqudgha.
  5620 | D:5      | Reached skill level 9 in Axes
  5703 | D:5      | Reached skill level 1 in Maces & Flails
  6188 | D:6      | Reached XP level 9. HP: 59/78 MP: 8/8
  6190 | D:6      | Reached **** piety under Trog
  6191 | D:6      | Noticed Maggie
  6205 | D:6      | Killed from afar by Maggie

Illustrated notes

Levels and vault maps discovered:
D:1:      scummos_arrival_hexagon, layout_loops_corners
D:2:      layout_loops_ring, kennysheep_generic_room_8
D:3:      layout_loops_cross, mainiacjoe_overflow_surrounded_room, uniq_jessica,
          uniq_robin, uniq_terence, uniq_ijyb
D:4:      layout_cave_pods, grunt_temple_overflow_bloody_war,
          lemuel_doored_altar, uniq_duvessa, uniq_blork_the_orc
D:5:      minmay_chambers_of_threes, layout_rooms, kennysheep_vampire_church,
          lemuel_round_altar
D:6:      nicolae_cairo_tiling, layout_basic, sigmund_edmund_badplayer,
          uniq_maggie

Skill      XL: |  1  2  3  4  5  6  7  8  9 |
---------------+----------------------------+-----
Fighting       | 4 5 6 7 |  7.0
Axes           | 4 5 7 8 9 |  9.4
Armour         | 3 4 5 7 |  7.7
Dodging        | 3 4 |  4.1
Stealth        | 1 |  1.8
Maces & Flails | 3 |  3.7

Action                   |  1- 3 |  4- 6 |  7- 9 || total
-------------------------+-------+-------+-------++-------
Melee: Hand axe          |    72 |    92 |    65 ||   229
       Headbutt          |    13 |     9 |    23 ||    45
       Punch             |       |     1 |     3 ||     4
       Flail             |       |       |    75 ||    75
Invok: Berserk           |       |     5 |     3 ||     8
  Use: Scroll            |     1 |     4 |     4 ||     9
Armor: Animal skin       |     8 |       |       ||     8
       Chain mail        |     1 |    12 |    34 ||    47
       Leather armour    |       |     7 |       ||     7
Dodge: Dodged            |    42 |    73 |   136 ||   251
